 Dungeon Crawl Stone Soup version 0.29.1-1-gd02db6906a (webtiles) character file.

Game seed: 1343107196453650590

15568 karrick the Basher (level 12, -4/77 HPs)
             Began as a Gargoyle Fighter on Sept 20, 2022.
             Was a High Priest of Okawaru.
             Killed by divine providence
             ... invoked by an orc priest
             ... led by an orc knight
              (14 damage)
             ... on level 12 of the Dungeon.
             The game lasted 00:26:47 (11533 turns).

karrick the Basher (Gargoyle Fighter)              Turns: 11533, Time: 00:26:48

Health: -4/77      AC: 32    Str: 23    XL:     12   Next: 28%
Magic:  12/16      EV: 10    Int: 10    God:    Okawaru [*****.]
Gold:   822        SH:  6    Dex: 10    Spells: 11/11 levels left

rFire   . . .      SeeInvis .   C - +1 mace (protect)
rCold   + + +      Faith    .   c - +0 buckler
rNeg    + . .      Spirit   .   N - +4 ring mail
rPois   ∞          Reflect  .   M - +0 helmet
rElec   +          Harm     .   E - +1 cloak of Jojov {-Tele rC+++ Will- Regen+}
rCorr   .          Rampage  .   (no gloves)
Will    .....      Clarity  +   w - +0 pair of boots
Stlth   +......... NoTele   +   p - amulet of regeneration
HPRegen 1.82/turn               (no ring)
MPRegen 0.15/turn               (no ring)

@: finesse-ful, under a protective aura
A: sickness immunity, AC +8, negative energy resistance 1, electricity
resistance, torment resistance 1, petrification resistance, clarity, clumsy 1,
shaggy fur 1, strong 1
a: Renounce Religion, Heroism, Finesse, Duel


You were on level 12 of the Dungeon.
You worshipped Okawaru.
Okawaru was extremely pleased with you.
You visited 2 branches of the dungeon, and saw 14 of its levels.

You collected 822 gold pieces.

Inventory:

Hand Weapons
 a - a +0 flail
 d - the +7 rapier "Iguiv" {freeze, Stlth+}
   (You found it on level 3 of the Dungeon)

   It freezes those it strikes, dealing additional cold damage.
   It can also slow down cold-blooded creatures.
   Stlth:     It makes you more stealthy.
 C - a +1 mace of protection (weapon)
 L - a +0 mace of holy wrath
 P - the +5 falchion of Distraction {vorpal, rElec rC+++ Str-2 Stlth-}
   (You found it on level 11 of the Dungeon)

   It inflicts extra damage upon your enemies.
   Str:       It affects your strength (-2).
   rC:        It renders you almost immune to cold.
   rElec:     It insulates you from electricity.
   Stlth:     It makes you less stealthy.
Armour
 b - a +0 scale mail
 c - a +0 buckler (worn)
 o - the +2 robe of the King of the Hill {rC+ rCorr Stlth+}
   (You found it on level 2 of the Dungeon)

   rC:        It protects you from cold.
   rCorr:     It protects you from acid and corrosion.
   Stlth:     It makes you more stealthy.
 w - a +0 pair of boots (worn)
 A - +0 steam dragon scales
 E - the +1 cloak of Jojov (worn) {-Tele rC+++ Will- Regen+}
   (You found it on level 7 of the Dungeon)

   rC:        It renders you almost immune to cold.
   -Tele:     It prevents most forms of teleportation.
   Regen:     It increases your rate of health regeneration.
   Will:      It decreases your willpower.
 M - a +0 helmet (worn)
 N - a +4 ring mail (worn)
 O - a +2 leather armour of cold resistance
 S - +0 acid dragon scales
 T - a +3 plate armour of cold resistance
Jewellery
 p - an amulet of regeneration (around neck)
 x - a ring of flight
 R - an amulet of regeneration
Wands
 F - a wand of polymorph (2)
 G - a wand of flame (18)
 I - a wand of paralysis (7)
 K - a wand of roots (3)
Scrolls
 e - 10 scrolls of teleportation
 h - 9 scrolls of identify
 i - 3 scrolls of magic mapping {unknown}
 j - 3 scrolls of poison {unknown}
 k - 2 scrolls of fog {unknown}
 l - a scroll of immolation {unknown}
 m - 4 scrolls of vulnerability {unknown}
 t - 3 scrolls of amnesia {unknown}
 u - a scroll of noise {unknown}
 v - 2 scrolls of torment {unknown}
 y - 3 scrolls of enchant weapon {unknown}
 B - 2 scrolls of enchant armour {unknown}
 D - a scroll of blinking {unknown}
 H - a scroll of silence {unknown}
Potions
 f - 2 potions of lignification
 g - 2 potions of flight {unknown}
 n - 2 potions of mutation
 q - 2 potions of degeneration
 s - 2 potions of haste
 z - a potion of attraction {unknown}
 J - a potion of resistance {unknown}


   Skills:
 + Level 10.2 Fighting
 + Level 13.2 Maces & Flails
 + Level 8.3 Armour
 - Level 1.4 Dodging
 + Level 3.1 Stealth
 + Level 8.8 Shields
 * Level 5.4 Invocations


You had 11 spell levels left.
You didn't know any spells.
Your spell library contained the following spells:

 Spells                   Type           Power      Damage    Failure   Level
 Apportation              Tloc           0%         N/A       56%         1
 Magic Dart               Conj           0%         1d3       56%         1
 Necrotise                Necr           0%         1d4       56%         1
 Shock                    Conj/Air       0%         1d3       56%         1
 Searing Ray              Conj           0%         2d4       71%         2
 Mephitic Cloud           Conj/Pois/Air  0%         N/A       90%         3
 Swiftness                Air            0%         N/A       90%         3
 Airstrike                Air            0%         2d(0-16)  100%        4
 Fulminant Prism          Conj/Hex       0%         3d6       100%        4
 Passage of Golubria      Tloc           0%         N/A       100%        4
 Alistair's Intoxication  Tmut/Pois      0%         N/A       100%        5
 Borgnjor's Vile Clutch   Necr/Erth      0%         N/A       100%        5
 Silence                  Hex/Air        0%         N/A       100%        5
 Eringya's Noxious Bog    Tmut/Pois      0%         N/A       100%        6
 Lehudib's Crystal Spear  Conj/Erth      0%         10d2      100%        8
 Summon Small Mammal      Summ           Unusable   N/A       N/A         1
 Call Imp                 Summ           Unusable   N/A       N/A         2

Dungeon Overview and Level Annotations

Branches:
Dungeon (13/15)            Temple (1/1) D:4            Lair (0/5) D:9
    Orc (0/2) D:11
 Vaults: D:13-14

Altars:
Ashenzari
Cheibriados
Dithmenos
Elyvilon
Fedhas
Gozag
Hepliaklqana
Kikubaaqudgha
Makhleb
Nemelex Xobeh
Okawaru
Qazlal
Ru
Sif Muna
Trog
Uskayaw
Vehumet
Wu Jian
Xom
Yredelemnul
Zin
The Shining One
Lugonu

Shops:
D:3 *   D:10 *

Annotations:
D:7 3 runed translucent doors, masschaos23's ghost, novice HOFi


Innate Abilities, Weirdness & Mutations

You are immune to sickness and miasma.
Your stone body is resilient. (AC +8)
You are immune to poison.
You resist negative energy. (rN+)
You are resistant to electric shocks. (rElec)
You are resistant to unholy torment.
You are immune to petrification.
You possess an exceptional clarity of mind.
You are clumsy. (Dex -2)
You are covered in fur. (AC +1)
Your muscles are strong. (Str +4, Int/Dex -1)


Message History

The two-headed ogre closely misses you.
You completely miss the two-headed ogre.
The two-headed ogre is lightly wounded.
You hit the two-headed ogre.
The two-headed ogre is lightly wounded.
You feel like a meek peon again. You block the two-headed ogre's attack.
The two-headed ogre barely misses you.
A yak comes into view.
You barely miss the two-headed ogre.
The two-headed ogre is lightly wounded.
The yak bellows!
You hit the two-headed ogre.
The two-headed ogre is moderately wounded.
You hit the two-headed ogre.
The two-headed ogre is moderately wounded.
The two-headed ogre hits you with a +0 giant club! x2
* * * LOW HITPOINT WARNING * * *
You hit the two-headed ogre.
The two-headed ogre is moderately wounded.
You hit the two-headed ogre.
The two-headed ogre is moderately wounded.
Unknown command.
The two-headed ogre hits you but does no damage.
You block the two-headed ogre's attack.
You hit the two-headed ogre.
The two-headed ogre is heavily wounded.
The orc priest casts a cantrip, but nothing happens.
You completely miss the two-headed ogre.
The two-headed ogre is heavily wounded.
You hit the two-headed ogre.
The two-headed ogre is heavily wounded.
The two-headed ogre hits you with a +0 giant club!
* * * LOW HITPOINT WARNING * * *
The two-headed ogre hits you with a +0 giant club.
* * * LOW HITPOINT WARNING * * *
You sock the two-headed ogre!
The two-headed ogre is severely wounded.
The orc priest mumbles some strange prayers to Beogh against you.
Beogh smites you!
You die...

#.# #.# #.# #.#
#.#####.## #####
....<....#######...#
#)###..............#
##...######....#
##.## #@#.## #.#
#O#.# #.# #'### #'#


yOO ... yo#Oo .. Y.D#oCo ..#####.. .Y..Y#s.... .....$#?..... You could see an
eight-headed hydra, 4 two-headed ogres, a cyclops, a yak, a tarantella, a
vampire mosquito, an orc priest and an orc.

Vanquished Creatures
  A hydra (D:9)
  A centaur warrior (D:12)
  4 two-headed ogres
  An orc knight (D:12)
  3 cyclopes
  2 manticores (D:11)
  An elephant (D:9)
  A komodo dragon (D:11)
  2 kobold demonologists (D:8)
  2 trolls (D:12)
  The ghost of TheBeaver the Sneak, an amateur DsDe (D:4)
  2 hornets
  Grinder (D:3)
  A slime creature (D:12)
  A shadow (D:9)
  A centaur simulacrum (D:12)
  3 wyverns
  7 wraiths
  2 basilisks (D:9)
  2 steam dragons
  A vampire mosquito (D:12)
  3 acid dragons
  2 water moccasins
  2 ice beasts
  4 orc warriors
  11 centaurs
  2 ogres (D:6)
  A phantom (D:6)
  2 kobold brigands
  Blork the orc (D:6)
  2 necrophages
  6 bullfrogs
  3 gnoll sergeants
  A scorpion (D:6)
  5 killer bees (D:11)
  2 electric eels
  The ghost of Marcotte the Conjurer, a weakling HuCj (D:4)
  3 howler monkeys (D:8)
  A hound (D:5)
  11 orc priests
  4 jellies
  2 iguanas
  12 orc wizards
  Robin (D:4)
  7 adders
  18 gnolls
  A white imp (D:6)
  3 ufetubi
  3 worms
  3 dart slugs
  32 orcs
  4 bats
  11 endoplasms
  2 giant cockroaches
  16 goblins
  13 hobgoblins
  8 jackals
  4 quokkas
  8 ball pythons
  4 frilled lizards
  13 kobolds
  3 rats
275 creatures vanquished.

Vanquished Creatures (others)
  A vampire (D:10)
  A quokka (D:7)
2 creatures vanquished.

Grand Total: 277 creatures vanquished

Notes
Turn   | Place    | Note
-------+----------+-------------------------------------------
     0 | D:1      | karrick the Gargoyle Fighter began the quest for the Orb.
     0 | D:1      | Reached XP level 1. HP: 14/14 MP: 1/1
    98 | D:1      | Reached XP level 2. HP: 8/19 MP: 2/2
   751 | D:1      | Reached XP level 3. HP: 23/23 MP: 3/3
  1959 | D:2      | Identified the +2 robe of the King of the Hill {rC+ rCorr
                  | Stlth+}
  2041 | D:2      | Reached XP level 4. HP: 29/29 MP: 4/4
  2454 | D:2      | Found a faded altar of an unknown god.
  2527 | D:3      | Found Guatedup's General Store.
  2535 | D:3      | Reached skill level 3 in Maces & Flails
  2599 | D:3      | Reached XP level 5. HP: 30/33 MP: 5/5
  2618 | D:3      | Reached skill level 1 in Dodging
  2631 | D:3      | Identified the +7 rapier "Iguiv" {freeze, Stlth+}
  2972 | D:3      | Reached skill level 4 in Maces & Flails
  2972 | D:3      | Reached XP level 6. HP: 34/38 MP: 6/6
  3002 | D:3      | Found a sparkling altar of Nemelex Xobeh.
  3340 | D:3      | Noticed Grinder
  3357 | D:3      | Paralysed by Grinder for 5 turns
  3366 | D:3      | Paralysed by Grinder for 4 turns
  3370 | D:3      | Killed Grinder
  3371 | D:3      | Reached XP level 7. HP: 27/44 MP: 7/7
  3521 | D:4      | Reached skill level 5 in Armour
  3703 | D:4      | Noticed Robin
  3746 | D:4      | Reached skill level 5 in Maces & Flails
  3761 | D:4      | Killed Robin
  3825 | D:4      | Found a runed translucent gate.
  3825 | D:4      | Found a runed translucent gate.
  3848 | D:4      | Found a runed translucent gate.
  3849 | D:4      | Noticed TheBeaver's ghost (amateur DsDe)
  3851 | D:4      | Noticed Marcotte's ghost (weakling HuCj)
  3965 | D:4      | Found a staircase to the Ecumenical Temple.
  3972 | Temple   | Entered the Ecumenical Temple
  4168 | D:5      | Entered Level 5 of the Dungeon
  4341 | D:5      | Noticed a wyvern
  4384 | D:5      | Killed a wyvern
  4385 | D:5      | Reached skill level 6 in Maces & Flails
  4385 | D:5      | Reached XP level 8. HP: 40/48 MP: 8/8
  4436 | D:5      | Reached skill level 5 in Fighting
  4922 | D:6      | Noticed Blork the orc
  5011 | D:6      | Killed Blork the orc
  5015 | D:6      | Reached skill level 7 in Maces & Flails
  5246 | D:6      | Reached skill level 5 in Shields
  5246 | D:6      | Reached XP level 9. HP: 55/55 MP: 9/9
  5398 | D:6      | Reached skill level 8 in Maces & Flails
  5406 | D:6      | Found a snail-covered altar of Cheibriados.
  5671 | D:7      | Found an ornate altar of the Wu Jian Council.
  5695 | D:7      | HP: 2/55 [orc priest/nerve-wracking pain (7)]
  5883 | D:7      | HP: 1/55 [steam dragon/ball of steam (7)]
  6060 | D:7      | Found a runed translucent gate.
  6060 | D:7      | Found a runed translucent gate.
  6060 | D:7      | Found a runed translucent gate.
  6113 | D:7      | Found a white marble altar of Elyvilon.
  6299 | D:7      | Reached skill level 9 in Maces & Flails
  6344 | D:7      | Found an opulent altar of Gozag.
  6386 | D:7      | Noticed masschaos23's ghost (novice HOFi)
  6398 | D:7      | Identified the +1 cloak of Jojov {-Tele rC+++ Will- Regen+}
  6549 | D:7      | Reached skill level 1 in Stealth
  6582 | D:7      | Found an iron altar of Okawaru.
  6598 | D:7      | Became a worshipper of Warmaster Okawaru
  6743 | D:8      | Noticed a hornet
  6754 | D:8      | Killed a hornet
  6878 | D:8      | Reached * piety under Okawaru
  6879 | D:8      | Reached XP level 10. HP: 63/63 MP: 10/10
  6920 | D:8      | Found a glowing golden altar of the Shining One.
  7046 | D:8      | Reached skill level 10 in Maces & Flails
  7281 | D:8      | Noticed a kobold demonologist
  7281 | D:8      | Noticed a kobold demonologist
  7282 | D:8      | Noticed a kobold demonologist
  7294 | D:8      | Noticed a soul eater
  7299 | D:8      | Killed a kobold demonologist
  7475 | D:9      | Noticed an elephant
  7478 | D:9      | Reached ** piety under Okawaru
  7490 | D:9      | Noticed a five-headed hydra
  7499 | D:9      | Gained mutation: You are clumsy. (Dex -2) [potion of
                  | mutation]
  7499 | D:9      | Gained mutation: Your muscles are strong. (Str +4, Int/Dex
                  | -1) [potion of mutation]
  7499 | D:9      | Gained mutation: You have hidden genetic potential. [potion
                  | of mutation]
  7516 | D:9      | Killed an elephant
  7533 | D:10     | Entered Level 10 of the Dungeon
  7649 | D:10     | Found Zin's Purification Station.
  7652 | D:10     | Found a glowing silver altar of Zin.
  7709 | D:10     | Noticed a two-headed ogre
  7818 | D:10     | Noticed a yaktaur captain
  7862 | D:10     | Found a shimmering blue altar of Sif Muna.
  7891 | D:10     | Noticed a cyclops
  7903 | D:10     | Killed a cyclops
  7903 | D:10     | Reached *** piety under Okawaru
  7904 | D:10     | Reached skill level 11 in Maces & Flails
  8120 | D:10     | Noticed a two-headed ogre
  8135 | D:10     | Killed a two-headed ogre
  8376 | D:9      | Found a basalt altar of Yredelemnul.
  8480 | D:9      | Found a shadowy altar of Dithmenos.
  8496 | D:9      | Found a bloodstained altar of Trog.
  8614 | D:9      | Found a staircase to the Lair.
  8714 | D:9      | Found a shimmering altar of Xom.
  8803 | D:9      | Reached XP level 11. HP: 69/69 MP: 11/11
  8859 | D:9      | Reached skill level 1 in Invocations
  8963 | D:9      | Found a stormy altar of Qazlal.
  8983 | D:9      | Killed a five-headed hydra
  8983 | D:9      | Reached **** piety under Okawaru
  9049 | D:9      | Gained mutation: You possess an exceptional clarity of
                  | mind. [hidden potential]
  9233 | D:8      | Reached skill level 12 in Maces & Flails
  9297 | D:8      | Found a radiant altar of Vehumet.
  9312 | D:8      | Found a sacrificial altar of Ru.
  9661 | D:4      | Killed TheBeaver's ghost
  9666 | D:4      | Killed Marcotte's ghost
  9876 | D:11     | Identified the +5 falchion of Distraction {vorpal, rElec
                  | rC+++ Str-2 Stlth-}
 10192 | D:11     | Found a staircase to the Orcish Mines.
 10259 | D:11     | Noticed a manticore
 10297 | D:11     | Killed a manticore
 10297 | D:11     | Reached ***** piety under Okawaru
 10474 | D:11     | Noticed a manticore
 10486 | D:11     | Killed a manticore
 10536 | D:11     | Noticed a two-headed ogre
 10551 | D:11     | Killed a two-headed ogre
 10551 | D:11     | Received a gift from Okawaru
 10844 | D:12     | Noticed a boulder beetle
 10844 | D:12     | Noticed a cyclops
 10844 | D:12     | Noticed a two-headed ogre
 10928 | D:12     | Noticed a centaur warrior
 10932 | D:12     | Killed a two-headed ogre
 10998 | D:12     | Killed a centaur warrior
 10999 | D:12     | Reached XP level 12. HP: 47/77 MP: 15/15
 11025 | D:12     | Reached skill level 13 in Maces & Flails
 11068 | D:12     | HP: 3/77 [centaur warrior simulacrum (5)]
 11103 | D:13     | Noticed a tengu warrior
 11118 | D:12     | Reached skill level 10 in Fighting
 11129 | D:12     | Noticed a boulder beetle
 11156 | D:12     | Reached skill level 5 in Invocations
 11285 | D:12     | Gained mutation: You are covered in fur. (AC +1) [hidden
                  | potential]
 11285 | D:12     | Lost mutation: You have hidden genetic potential. [hidden
                  | potential expressed]
 11464 | D:12     | Noticed a two-headed ogre
 11464 | D:12     | Noticed a two-headed ogre
 11464 | D:12     | Noticed a two-headed ogre
 11464 | D:12     | Noticed an ogre mage
 11464 | D:12     | Noticed a two-headed ogre
 11464 | D:12     | Noticed an eight-headed hydra
 11468 | D:12     | Noticed a two-headed ogre
 11519 | D:12     | Killed a two-headed ogre
 11533 | D:12     | Killed from afar by an orc priest

Illustrated notes

Levels and vault maps discovered:
D:1:      sevenhm_arrival_forest_fort_small_5, layout_basic
D:2:      layout_loops_ring, shapermc_ecumenical_altar_hornbeckon
D:3:      layout_loops_ring, amcnicky_altar_gilded, serial_shops, shop,
          minmay_surrounded, uniq_grinder
D:4:      layout_basic, minmay_temple_entry_nine_rooms,
          gammafunk_ghost_cemetery, uniq_robin
D:5:      layout_rooms
D:6:      layout_loops_ring, nicolae_overflow_crystal_walls,
          nicolae_concentric_dashed_squares_wild, serial_bayou_lagoon_b,
          uniq_blork_the_orc
D:7:      layout_loops_ring, nicolae_wu_jian_wuxing_cycle, marbit_many_paths,
          lemuel_coloured_pillars_altar, elyvilon_altar_4, gammafunk_ghost_icy
D:8:      layout_basic, nicolae_tso_swordbearing_angel,
          mainiacjoe_overflow_swirl
D:9:      layout_basic, nicolae_dithmenos_through_a_glass_darkly,
          old_standard_altar, nicolae_qazlal_eye_of_the_storm,
          lemuel_tele_altar, mainiacjoe_overflow_24_doors, david_lair_generic
D:10:     layout_roguey, zin_purify, mainiacjoe_overflow_alcove_2,
          kennysheep_island_fort
D:11:     layout_irregular_city, orc_0_dummy
D:12:     minmay_bloctagon, layout_loops_corners, grunt_potential
D:13:     kennysheep_four_of_diamonds, layout_cross
Temple:   corrupted_temple

Skill      XL: |  1  2  3  4  5  6  7  8  9 10 11 12 |
---------------+-------------------------------------+-----
Maces & Flails | 3 4 6 7 9 11 12 13 | 13.2
Armour         | 4 5 6 7 8 |  8.3
Fighting       | 4 5 7 8 9 10 | 10.2
Dodging        | 1 |  1.4
Shields        | 4 5 6 7 8 |  8.8
Stealth        | 1 2 3 |  3.1
Invocations    | 4 5 |  5.4

Action                   |  1- 3 |  4- 6 |  7- 9 | 10-12 || total
-------------------------+-------+-------+-------+-------++-------
Melee: Flail             |   113 |   131 |   615 |   224 ||  1083
       Mace              |       |       |       |   725 ||   725
Invok: Heroism           |       |       |       |     7 ||     7
       Finesse           |       |       |       |     1 ||     1
  Use: Potion            |       |     1 |    11 |     6 ||    18
       Scroll            |       |       |     2 |       ||     2
 Stab: Sleeping          |       |       |     2 |       ||     2
Armor: Scale mail        |    98 |    99 |   311 |       ||   508
       Skin              |       |       |    14 |       ||    14
       Steam dragon scal |       |       |    55 |   216 ||   271
       Ring mail         |       |       |       |   300 ||   300
Dodge: Dodged            |    66 |    43 |   310 |   381 ||   800
Block: Buckler           |    42 |    24 |   160 |   234 ||   460
